 Dungeon Crawl Stone Soup version 0.31-a0-221-gbddc013574 (webtiles) character file.

Game seed: 10457620516713896256

1453 drugrobin the Spear-Bearer (level 8, -1/62 HPs)
             Began as a Demigod Delver on July 4, 2023.
             Killed by divine providence
             ... invoked by an orc priest
              (10 damage)
             ... on level 6 of the Dungeon.
             The game lasted 00:18:19 (5537 turns).

drugrobin the Spear-Bearer (Demigod Delver)         Turns: 5537, Time: 00:18:20

Health: -1/62      AC: 15    Str: 21    XL:     8   Next: 23%
Magic:  10/10      EV:  6    Int: 12    God:
Gold:   296        SH:  0    Dex: 15    Spells: 7/7 levels left

rFire   . . .        a - +0 trident
rCold   + + +        (no shield)
rNeg    . . .        q - +2 plate armour {rC+}
rPois   .            D - +1 helmet
rElec   .            E - +0 cloak
rCorr   .            (no gloves)
SInv    .            (no boots)
Will    .....        r - amulet of magic regeneration Stlth
                     t - ring of protection from cold
HPRegen 0.30/turn    B - ring of protection from cold
MPRegen 0.52/turn

%: no passive effects
@: no status effects
A: high MP 1, forlorn, divine attributes
a: no special abilities


You were on level 6 of the Dungeon.
You visited 1 branch of the dungeon, and saw 6 of its levels.

You collected 296 gold pieces.

Inventory:

Hand Weapons
 a - a +0 trident (weapon)
 b - a +5 sling
 y - a +1 spear of flaming
Missiles
 x - 7 poisoned darts
 C - a boomerang
 G - 4 atropa-tipped darts
Armour
 k - a +0 leather armour
 q - a +2 plate armour of cold resistance (worn)
 s - an orb of guile
 D - a +1 helmet (worn)
 E - a +0 cloak (worn)
Magical Staves
 l - a staff of poison
Jewellery
 r - an amulet of magic regeneration (around neck)
 t - a ring of protection from cold (left hand)
 B - a ring of protection from cold (right hand)
Wands
 g - a wand of digging (3)
 w - a wand of flame (10)
 z - a wand of iceblast (5)
Scrolls
 c - a scroll of fog
 d - a scroll of revelation
 h - 2 scrolls of immolation {unknown}
 i - a scroll of poison {unknown}
 j - a scroll of teleportation
 n - 3 scrolls of enchant weapon
 o - a scroll of enchant armour
 p - a scroll of amnesia {unknown}
 A - a scroll of fear
 I - a scroll of identify
Potions
 e - a potion of invisibility {unknown}
 f - a potion of haste
 m - a potion of brilliance {unknown}
 u - 2 potions of cancellation {unknown}
 v - a potion of attraction {unknown}
 F - a potion of heal wounds {unknown}
 H - a potion of ambrosia {unknown}
 J - a potion of resistance {unknown}


   Skills:
 - Level 2.6 Fighting
 + Level 9.9 Polearms
 - Level 1.7 Dodging
 - Level 4.5 Stealth


You had 7 spell levels left.
You didn't know any spells.
Your spell library contained the following spells:

 Spells                   Type           Power      Damage    Failure   Level
 Apportation              Tloc           0%         N/A       100%        1
 Necrotise                Necr           0%         1d4       100%        1
 Sting                    Tmut/Pois      0%         1d3       100%        1
 Summon Small Mammal      Summ           0%         N/A       100%        1
 Ensorcelled Hibernation  Hex/Ice        0%         N/A       100%        2
 Passwall                 Tmut/Erth      0%         N/A       100%        2
 Poisonous Vapours        Pois/Air       0%         N/A       100%        2
 Swiftness                Air            0%         N/A       100%        3
 Olgreb's Toxic Radiance  Pois           0%         N/A       100%        4


Dungeon Overview and Level Annotations

Branches:
Dungeon (6/15)             Temple (0/1) D:6

Shops:
D:3 [


Innate Abilities, Weirdness & Mutations

You have an increased reservoir of magic. (+10% MP)
You shall have no god before yourself.
Your divine heritage dramatically boosts your attributes as you level up.


Message History

Unknown command.
You hit the two-headed ogre.
The two-headed ogre is almost dead.
The two-headed ogre hits you with a +0 giant club. x2
You barely miss the two-headed ogre.
The two-headed ogre is almost dead.
The orc priest invokes the aid of Beogh against you.
Beogh smites you!
You hit the two-headed ogre.
The two-headed ogre is almost dead.
The two-headed ogre hits you with a +0 giant club! x2
* * * LOW HITPOINT WARNING * * *
Unknown command.
Okay, then.
Aiming: Iceblast
Press: ? - help, Shift-Dir - straight line, f/p - two-headed ogre
Aim: a two-headed ogre, wielding two +0 giant clubs (almost dead) That beam is likely to hit you.
Continue anyway?
The mass of ice explodes!
The iceblast engulfs the two-headed ogre.
You kill the two-headed ogre!
The iceblast engulfs you. You partially resist.
* * * LOW HITPOINT WARNING * * *
The iceblast engulfs the orc priest!
The orc priest is heavily wounded.
The orc priest hits you but does no damage.
Your Polearms skill increases to level 9!
You have reached level 8!
Unknown command.
Unknown command.
Unknown command.
Unknown command.
Unknown command.
Unknown command.
The orc priest attacks as you move away!
The orc priest hits you with a +0 club.
* * * LOW HITPOINT WARNING * * *
The orc priest calls down the wrath of Beogh upon you.
Beogh smites you!
You die...

o..o..#..# #.# . ........
##.#...O.# #.# ##.#
#....... )..#.##o.#
#.####>. ##.......
.........# #.##... #.<.#
##.#.###.# #.#..# ###.###
#.#.....# ##.#..# ####...#
#.####.†###..>..###....###
#.# ##.).#...#.##.....##
#.## #.......##@#.......#
#..# #.###o.)o..#.......#
##.###.# ##.#...........#
#.#...####.#.###......##
#......................#
.....######..............#
..#..# #...####.......#
...... ....## ##.....##
....>.. ##.. ##...##


You could see 2 orc priests.

Vanquished Creatures
  A two-headed ogre (D:6)
  Duvessa (D:4)
  A black bear (D:5)
  Dowan (D:4)
  A jelly (D:4)
  2 orc priests
  A hound (D:3)
  A sleepcap (D:5)
  Terence (D:2)
  2 iguanas
  4 orc wizards
  Ijyb (D:3)
  Natasha (thrice) (D:2)
  Robin (D:4)
  5 gnolls
  6 adders
  2 worms (D:4)
  2 dart slugs
  13 orcs
  8 ball pythons
  6 endoplasms
  4 giant cockroaches
  16 goblins
  10 hobgoblins
  9 jackals
  2 quokkas
  5 bats
  5 frilled lizards
  7 kobolds
  8 rats
129 creatures vanquished.

Vanquished Creatures (others)
  A goblin (D:2)
  A jackal (D:2)
  A frilled lizard (D:2)
3 creatures vanquished.

Grand Total: 132 creatures vanquished

Notes
Turn   | Place    | Note
-------+----------+-------------------------------------------
     0 | D:5      | drugrobin the Demigod Delver began the quest for the Orb.
     0 | D:5      | Reached XP level 1. HP: 18/18 MP: 3/3
    41 | D:5      | Noticed an orc wizard
    41 | D:5      | Noticed an orc wizard
    57 | D:4      | Noticed Duvessa
    57 | D:4      | Noticed Dowan
   132 | D:2      | Noticed Natasha
   211 | D:3      | Reached skill level 2 in Polearms
   332 | D:3      | Reached XP level 2. HP: 24/25 MP: 4/4
   524 | D:3      | Found Olais's Armour Shoppe.
   868 | D:2      | Reached skill level 3 in Polearms
   934 | D:2      | Noticed Terence
   969 | D:1      | Reached XP level 3. HP: 29/30 MP: 5/5
  1401 | D:1      | Reached skill level 4 in Polearms
  1807 | D:2      | Reached XP level 4. HP: 37/37 MP: 6/6
  2268 | D:2      | Killed Terence
  2400 | D:2      | Killed Natasha
  2431 | D:2      | Noticed Natasha
  2452 | D:2      | Killed Natasha
  2453 | D:2      | Reached skill level 5 in Polearms
  2453 | D:2      | Reached XP level 5. HP: 39/42 MP: 7/7
  2473 | D:2      | Noticed Natasha
  2487 | D:2      | Killed Natasha
  3400 | D:3      | Reached skill level 6 in Polearms
  3400 | D:3      | Reached XP level 6. HP: 47/50 MP: 8/8
  3563 | D:4      | Noticed Ijyb
  3631 | D:3      | Killed Ijyb
  3886 | D:4      | Noticed Robin
  3901 | D:4      | Killed Robin
  4066 | D:4      | Reached skill level 7 in Polearms
  4275 | D:4      | Killed Dowan
  4276 | D:4      | Killed Duvessa
  4277 | D:4      | Reached XP level 7. HP: 21/56 MP: 9/9
  5104 | D:5      | Reached skill level 8 in Polearms
  5424 | D:6      | Found a staircase to the Ecumenical Temple.
  5468 | D:6      | Noticed a two-headed ogre
  5535 | D:6      | Killed a two-headed ogre
  5536 | D:6      | Reached skill level 9 in Polearms
  5536 | D:6      | Reached XP level 8. HP: 10/62 MP: 10/10
  5537 | D:6      | Killed from afar by an orc priest

Illustrated notes

Levels and vault maps discovered:
D:1:      dpeg_arrival_shrine, layout_loops_ring, roderic_three_in_a_row,
          minivault_4, minmay_split_cup_small
D:2:      layout_basic, basic_altar, nicolae_ecumenical_pavilion,
          minmay_misc_feat_secret_circle, lemuel_flame_loot_1, uniq_terence,
          uniq_natasha
D:3:      layout_loops_ring, trog_hazing_becter, gammafunk_temple_overflow_wave,
          serial_shops, nicolae_shop_tiny_real_fake_doors
D:4:      layout_cave_pools, nicolae_ru_sacrificial_ziggurat,
          mainiacjoe_overflow_alcove_4, minmay_bisected, uniq_duvessa,
          uniq_ijyb, uniq_robin
D:5:      layout_loops_corners
D:6:      layout_rooms, minmay_temple_entry_ruins

Skill      XL: |  1  2  3  4  5  6  7 |
---------------+----------------------+-----
Polearms       | 2 3 4 5 6 7 9 |  9.9
Fighting       | |  2.6
Dodging        | |  1.7
Stealth        | |  4.5

Action                     |  1- 3 |  4- 6 |  7- 9 || total
---------------------------+-------+-------+-------++-------
  Melee: Trident           |   137 |       |    28 ||   165
         Spear             |    36 |   294 |    43 ||   373
         Punch             |     3 |     4 |       ||     7
   Fire: Sling             |       |     9 |     7 ||    16
  Throw: Throwing net      |       |     1 |       ||     1
         Dart              |       |     1 |       ||     1
  Evoke: Wand              |       |     4 |     5 ||     9
    Use: Scroll            |     3 |     2 |       ||     5
         Potion            |       |     1 |       ||     1
   Stab: Sleeping          |     2 |       |       ||     2
         Fleeing           |       |     1 |       ||     1
         Distracted        |       |     1 |       ||     1
 Armour: Leather armour    |    17 |       |       ||    17
         Plate armour      |    57 |   147 |    34 ||   238
  Dodge: Dodged            |    50 |    60 |    12 ||   122

Table legend: (Time is in decaauts)
 A = Elapsed time spent in this place.
 B = Non-inter-level travel time spent in this place.
 C = Inter-level travel time spent in this place.
 D = Time resting spent in this place.
 E = Time spent auto-exploring this place.
 F = Levels seen in this place.
 G = Mean time per level.
                   A        B        C        D        E       F      G
               +--------+--------+--------+--------+--------+-----+--------+
         Total |   5490 |   5285 |    205 |    323 |   3011 |   6 |  915.0 |
       Dungeon |   5490 |   5285 |    205 |    323 |   3011 |   6 |  915.0 |
               +--------+--------+--------+--------+--------+-----+--------+

Top non-repeatable levels by time:
     D:2: 1463 daAuts
     D:3: 1316 daAuts
     D:4: 915 daAuts
     D:5: 857 daAuts
     D:1: 784 daAuts
     D:6: 154 daAuts
